 Dungeon Crawl Stone Soup version 0.22.1-2-g9c5b331 (webtiles) character file.

654 whitewolfNL the Cudgeler (level 7, -3/90 HPs)
             Began as a Minotaur Berserker on Dec 4, 2018.
             Was a Priest of Trog.
             Succumbed to an orc wizard's poison
             ... on level 6 of the Dungeon.
             The game lasted 00:16:21 (4722 turns).

whitewolfNL the Cudgeler (Minotaur Berserker)       Turns: 4722, Time: 00:16:23

Health: -3/90      AC: 23    Str: 27    XL:     7   Next: 29%
Magic:  6/6        EV:  2    Int:  5    God:    Trog [***...]
Gold:   257        SH:  0    Dex: 10    Spells: 6/6 levels left

rFire    + . .     SeeInvis .   r - -3 flail (curse)
rCold    + . .     Gourm    .   (no shield)
rNeg     + + +     Faith    .   (armour currently unavailable)
rPois    +         Spirit   .   (helmet currently unavailable)
rElec    +         Reflect  .   (cloak currently unavailable)
rCorr    +         Harm     .   (gloves currently unavailable)
MR       .....     NoTele   +   (boots currently unavailable)
Stlth    ++........             (no amulet)
HPRegen  0.25/turn              (no ring)
MPRegen  0.10/turn              (no ring)

@: mighty, lethally poisoned (-3 -> -42), tree-form, resistant, berserk
cooldown, slowed, very slow
A: (retaliatory headbutt)
a: Berserk, Trog's Hand, Renounce Religion


You were on level 6 of the Dungeon.
You worshipped Trog.
Trog was most pleased with you.
You were very hungry.
You were a tree.
You visited 1 branch of the dungeon, and saw 6 of its levels.

You collected 257 gold pieces.

Inventory:

Hand Weapons
 p - a +0 hunting sling
 q - a cursed -2 mace
 r - a cursed -3 flail (weapon)
 s - a cursed -3 spear
 v - a +0 whip of venom
 x - a +4 mace
Missiles
 h - 112 bolts
 i - 41 arrows
 l - 7 javelins (quivered)
 t - 65 sling bullets
Armour
 a - a +2 ring mail of cold resistance (melded)
 g - a +0 chain mail
 k - +0 acid dragon scales
 z - a +1 cloak (melded)
Wands
 e - a wand of flame (21)
 A - a wand of digging (16)
Scrolls
 d - 2 scrolls of blinking
 f - 3 scrolls of magic mapping
 n - a scroll of enchant weapon
Potions
 B - a potion of haste {unknown}
Comestibles
 c - 10 rations
 u - a chunk of flesh


   Skills:
 + Level 4.6 Fighting
 * Level 6.9 Maces & Flails
 * Level 4.6 Armour
 * Level 4.5 Dodging
 * Level 2.2 Stealth


You had 6 spell levels left.
You didn't know any spells.
Your spell library was empty.

Dungeon Overview and Level Annotations

Branches:
Dungeon (6/15)             Temple (0/1) D:6

Altars:
Cheibriados
Qazlal
Ru
Uskayaw
Wu Jian
Zin


Innate Abilities, Weirdness & Mutations

((You reflexively headbutt those who attack you in melee.))
((You have a pair of horns on your head.))


Message History

An orc wizard appears from thin air!
Reactivating autopickup.
The orc wizard hits you but does no damage.
It was a potion of heal wounds.
You feel much better.
* * * LOW HITPOINT WARNING * * *
You feel very sick.
The orc wizard hits you with a dagger of venom.
* * * LOW HITPOINT WARNING * * *
You are more poisoned.
The orc wizard gestures at you while chanting.
The magic dart hits you!
* * * LOW HITPOINT WARNING * * *
It was a potion of resistance.
You feel protected.
* * * LOW HITPOINT WARNING * * *
You feel very sick.
The orc wizard hits you but does no damage.
It was a potion of might.
You feel very mighty all of a sudden.
You die...

#.....#....# #.....#....#
#.....##...#
##.........#####+#
#.........#.....# #
+...#...#.#.....# .#
#....#.#........# ..'
#.....>...+.....# ...
##....#.#..###.o♣# ..#
.....#...#.###..[####...###
.^..........#...(..........
........#...#..........o...
........#...'............o.
........#...#..............
........#...#..............
........###################
#########


You could see an orc wizard.

Vanquished Creatures
  An ogre (D:4)
  A bullfrog (D:6)
  A gnoll sergeant (D:5)
  A scorpion (D:4)
  A crimson imp (D:5)
  2 hounds (D:4)
  2 bullfrog skeletons
  Crazy Yiuf (D:2)
  Terence (D:3)
  A hound skeleton (D:4)
  3 gnolls (D:5)
  6 adders
  A shadow imp (D:5)
  3 worms
  A dart slug (D:1)
  2 leopard geckos
  8 orcs
  2 giant cockroaches
  7 goblins
  7 hobgoblins
  7 jackals
  10 bats
  5 frilled lizards
  8 kobolds
  5 rats
87 creatures vanquished.

Notes
Turn   | Place    | Note
-------+----------+-------------------------------------------
     0 | D:1      | whitewolfNL the Minotaur Berserker began the quest for the
                  | Orb.
     0 | D:1      | Reached XP level 1. HP: 19/19 MP: 0/0
   140 | D:1      | Reached skill level 4 in Maces & Flails
   140 | D:1      | Reached XP level 2. HP: 18/27 MP: 1/1
   761 | D:2      | Reached XP level 3. HP: 33/33 MP: 2/2
   798 | D:2      | Reached ** piety under Trog
  1022 | D:2      | Reached XP level 4. HP: 30/40 MP: 3/3
  1406 | D:2      | Found a runed door.
  1411 | D:2      | Noticed Crazy Yiuf
  1415 | D:2      | Killed Crazy Yiuf
  1415 | D:2      | Reached skill level 1 in Stealth
  1524 | D:3      | Reached skill level 5 in Maces & Flails
  1743 | D:3      | Found a sacrificial altar of Ru.
  1791 | D:3      | Found a snail-covered altar of Cheibriados.
  2071 | D:3      | Found a glowing silver altar of Zin.
  2078 | D:3      | Found a hide-covered altar of Uskayaw.
  2162 | D:3      | Reached XP level 5. HP: 46/46 MP: 4/4
  2285 | D:3      | Noticed Terence
  2290 | D:3      | Killed Terence
  2474 | D:4      | Found an ornate altar of the Wu Jian Council.
  2534 | D:4      | Noticed an ogre
  2542 | D:4      | Killed an ogre
  2542 | D:4      | Reached skill level 6 in Maces & Flails
  2542 | D:4      | Reached XP level 6. HP: 53/53 MP: 5/5
  2605 | D:4      | Reached *** piety under Trog
  3424 | D:5      | Entered Level 5 of the Dungeon
  3787 | D:5      | Reached XP level 7. HP: 60/60 MP: 6/6
  4640 | D:6      | Found a stormy altar of Qazlal.
  4667 | D:6      | Found a staircase to the Ecumenical Temple.
  4719 | D:6      | HP: 4/90 [poisoned by an orc wizard]
  4722 | D:6      | Succumbed to an orc wizard's poison

Skill      XL: |  1  2  3  4  5  6 |
---------------+-------------------+-----
Maces & Flails | 4 5 6 |  6.9
Fighting       | 4 |  4.6
Armour         | 3 4 |  4.6
Dodging        | 3 4 |  4.5
Stealth        | 1 2 |  2.2

Action                   |  1- 3 |  4- 6 |  7- 9 || total
-------------------------+-------+-------+-------++-------
Melee: Mace              |    73 |   109 |    23 ||   205
       Headbutt          |     9 |    23 |     7 ||    39
       Flail             |       |       |    13 ||    13
Invok: Berserk           |     2 |     5 |     1 ||     8
  Use: Scroll            |       |     8 |     2 ||    10
       Potion            |       |       |     4 ||     4
  Eat: Chunk             |     2 |    12 |     1 ||    15
       Ration            |       |       |     1 ||     1
Armor: Animal skin       |     8 |       |       ||     8
       Leather armour    |    10 |     2 |       ||    12
       Ring mail         |       |    35 |    25 ||    60
       Skin              |       |       |     2 ||     2
Dodge: Dodged            |    62 |    54 |    23 ||   139
